 Dungeon Crawl Stone Soup version 0.26-a0-708-g17f3b190f9 (webtiles) character file.

Game seed: 6185400379099007677

1571 lunkers the Spear-Bearer (level 8, -1/64 HPs)
             Began as a Merfolk Gladiator on Oct 29, 2020.
             Was a Believer of Okawaru.
             Slain by a hornet zombie (4 damage)
             ... on level 8 of the Dungeon on Oct 30, 2020.
             The game lasted 00:08:06 (7030 turns).

lunkers the Spear-Bearer (Merfolk Gladiator)        Turns: 7030, Time: 00:08:07

Health: -1/64      AC:  9    Str: 14    XL:     8   Next: 90%
Magic:  10/10      EV: 16    Int: 13    God:    Okawaru [**....]
Gold:   376        SH:  0    Dex: 18    Spells: 7/7 levels left

rFire    . . .     SeeInvis .   a - +1 trident
rCold    . . .     Faith    .   (no shield)
rNeg     . . .     Spirit   .   e - +0 ring mail
rPois    .         Reflect  .   c - +0 helmet
rElec    .         Harm     .   s - +1 cloak
rCorr    .         Rampage  .   i - +0 pair of gloves
MR       +....                  (no boots)
Stlth    +.........             (no amulet)
HPRegen  0.20/turn              k - ring of protection from magic
MPRegen  0.12/turn              C - +6 ring of intelligence

@: no status effects
A: change form in water, swift swim, stealthy swim
a: Heroism, Renounce Religion


You were on level 8 of the Dungeon.
You worshipped Okawaru.
Okawaru was pleased with you.
You visited 1 branch of the dungeon, and saw 8 of its levels.

You collected 376 gold pieces.

Inventory:

Hand Weapons
 a - a +1 trident (weapon)
Missiles
 d - 3 throwing nets {=f}
Armour
 c - a +0 helmet (worn)
 e - a +0 ring mail (worn)
 i - a +0 pair of gloves (worn)
 s - a +1 cloak (worn)
 E - a scarf of resistance
Jewellery
 k - a ring of protection from magic (left hand)
 C - a +6 ring of intelligence (right hand)
Wands
 y - a wand of random effects (30)
 D - a wand of disintegration (22)
Scrolls
 b - a scroll of summoning {unknown}
 f - 2 scrolls of enchant armour {unknown}
 j - a scroll of remove curse
 m - 3 scrolls of enchant weapon
 n - 2 scrolls of magic mapping {unknown}
 o - 2 scrolls of fear {unknown}
 p - a scroll of teleportation {unknown}
 r - 2 scrolls of immolation {unknown}
 t - 2 scrolls of random uselessness {unknown}
 w - 2 scrolls of blinking {unknown}
 A - a scroll of fog {unknown}
Potions
 g - 3 potions of stabbing
 h - a potion of magic
 l - 4 potions of ambrosia
 q - a potion of cancellation {unknown}
 u - a potion of invisibility {unknown}
 v - a potion of resistance {unknown}
 x - a potion of haste {unknown}
 z - a potion of curing {unknown}
 B - 5 potions of flight {unknown}


   Skills:
 + Level 6.0 Fighting
 * Level 11.3 Polearms
 - Level 2.0 Throwing
 + Level 7.9 Dodging
 - Level 3.0 Invocations


You had 7 spell levels left.
You didn't know any spells.
Your spell library contained the following spells:

 Spells                   Type           Power        Failure   Level
 Magic Dart               Conj           #...         54%         1
 Searing Ray              Conj           #.....       67%         2
 Dazzling Flash           Conj/Hex       #.....       88%         3
 Fulminant Prism          Conj/Hex       #.........   99%         4
 Iskenderun's Mystic Bla  Conj/Tloc      #.......     99%         4


Dungeon Overview and Level Annotations

Branches:
Dungeon (8/15)             Temple (0/1) D:6
   Lair: D:8-11

Altars:
Fedhas
Hepliaklqana
Makhleb
Nemelex Xobeh
Okawaru
Uskayaw
Vehumet
The Shining One

Annotations:
D:4 3 runed translucent doors, Sun's ghost, amateur FoHu


Message History

Press: ? - help, Dir - move target cursor, f/p - hornet zombie
Aim: a hornet zombie (severely damaged)
You hit the hornet zombie.
The hornet zombie is severely damaged.
The hornet zombie hits you!
* * * LOW HITPOINT WARNING * * *
Attack whom?
Press: ? - help, Dir - move target cursor, f/p - hornet zombie
Aim: a hornet zombie (severely damaged)
You puncture the hornet zombie!
The hornet zombie is almost destroyed.
The hornet zombie hits you.
* * * LOW HITPOINT WARNING * * *
Attack whom?
Press: ? - help, Dir - move target cursor, f/p - hornet zombie
Aim: a hornet zombie (almost destroyed)
You barely miss the hornet zombie.
The hornet zombie is almost destroyed.
The hornet zombie hits you.
You die...

############
#..........########
#.########.........
#.# #..######
#.########@.#
#.##......ZZ##...
#................#
#..#.#####.......Z.
#..#.# #.###.###.
#....# #.# ...
#..... ..# ###
##..## #.# #..# #.#


You could see a hornet zombie and a hound skeleton.

Vanquished Creatures
  Eustachio (D:4)
  Menkaure (D:4)
  A sky beast (D:6)
  An ogre (D:6)
  2 centaurs (D:5)
  A bullfrog (D:7)
  A howler monkey (D:5)
  A quasit (D:8)
  A gnoll shaman (D:2)
  A bullfrog zombie (D:6)
  A bullfrog skeleton (D:5)
  2 centaur skeletons
  A hound (D:4)
  A jelly (D:5)
  5 orc wizards
  An iguana (D:5)
  Natasha (D:3)
  5 worker ants
  2 hound skeletons
  A howler monkey zombie (D:6)
  3 gnolls (D:2)
  A howler monkey skeleton (D:6)
  14 adders
  A shadow imp (D:7)
  4 white imps
  3 ufetubi
  An adder zombie (D:7)
  3 worms
  2 dart slugs (D:2)
  A leopard gecko (D:4)
  8 orcs
  A ball python (D:6)
  4 giant cockroaches
  5 goblins
  3 hobgoblins (D:2)
  5 jackals
  A quokka (D:5)
  5 bats
  2 frilled lizards
  A giant cockroach zombie (D:5)
  4 kobolds
  A leopard gecko zombie (D:6)
  7 rats
111 creatures vanquished.

Notes
Turn   | Place    | Note
-------+----------+-------------------------------------------
     0 | D:1      | lunkers the Merfolk Gladiator began the quest for the Orb.
     0 | D:1      | Reached XP level 1. HP: 16/16 MP: 1/1
   333 | D:1      | Reached XP level 2. HP: 23/23 MP: 2/2
   511 | D:2      | Reached skill level 5 in Polearms
   579 | D:2      | Reached XP level 3. HP: 24/28 MP: 3/3
   625 | D:2      | Found a faded altar of an unknown god.
   695 | D:2      | Found an iron altar of Okawaru.
   961 | D:2      | Became a worshipper of Warmaster Okawaru
  1061 | D:2      | Reached XP level 4. HP: 30/34 MP: 4/4
  1138 | D:2      | Found a hazy altar of Hepliaklqana.
  1233 | D:2      | Reached skill level 6 in Polearms
  1233 | D:2      | Reached skill level 1 in Invocations
  1241 | D:2      | Reached XP level 5. HP: 31/41 MP: 5/5
  1788 | D:2      | Found a hide-covered altar of Uskayaw.
  1791 | D:2      | Noticed a +0 hand axe
  1792 | D:2      | Noticed a -1 dagger
  1955 | D:3      | Reached skill level 5 in Dodging
  2088 | D:3      | Found a radiant altar of Vehumet.
  2466 | D:3      | Noticed Natasha
  2471 | D:3      | Killed Natasha
  2471 | D:3      | Reached skill level 7 in Polearms
  2673 | D:4      | Reached XP level 6. HP: 47/47 MP: 7/7
  2682 | D:4      | Reached * piety under Okawaru
  2708 | D:4      | Noticed Eustachio
  2744 | D:4      | Killed Eustachio
  2903 | D:4      | Noticed Menkaure
  2917 | D:4      | Killed Menkaure
  2917 | D:4      | Reached skill level 8 in Polearms
  2917 | D:4      | Reached XP level 7. HP: 5/54 MP: 6/9
  3535 | D:4      | Found a runed translucent gate.
  3535 | D:4      | Found a runed translucent gate.
  3536 | D:4      | Found a runed translucent gate.
  3703 | D:4      | Noticed Sun's ghost (amateur FoHu)
  3848 | D:5      | Entered Level 5 of the Dungeon
  3848 | D:5      | Found a sparkling altar of Nemelex Xobeh.
  4067 | D:5      | Found a sparkling altar of Nemelex Xobeh.
  4115 | D:5      | Reached skill level 9 in Polearms
  4121 | D:5      | Reached ** piety under Okawaru
  4328 | D:5      | Reached XP level 8. HP: 33/61 MP: 10/10
  4504 | D:5      | Reached skill level 5 in Fighting
  4596 | D:5      | Found a glowing golden altar of the Shining One.
  4717 | D:5      | Found a blossoming altar of Fedhas.
  4891 | D:5      | Reached skill level 10 in Polearms
  5162 | D:6      | Found a sparkling altar of Nemelex Xobeh.
  5440 | D:6      | Found a staircase to the Ecumenical Temple.
  6344 | D:7      | Reached skill level 11 in Polearms
  6790 | D:7      | Found a burning altar of Makhleb.
  7029 | D:8      | HP: 2/64 [hornet zombie (2)]
  7030 | D:8      | Slain by a hornet zombie

Illustrated notes

Levels and vault maps discovered:
D:1:      lightli_iron_boxes, layout_rooms
D:2:      layout_basic, dancing_weapons_uskayaw, lemuel_coloured_pillars_altar,
          chequers_ecumenical_altar_grove, okawaru_trees_1
D:3:      layout_loops_corners, nicolae_overflow_hidden_temple,
          minmay_tree_intersection, uniq_natasha
D:4:      layout_basic, gammafunk_ghost_necromancy, uniq_eustachio,
          uniq_menkaure
D:5:      layout_loops_ring, lemuel_crystal_altar,
          fedhas_bush_and_centaur_altar, basic_altar, nemelex_spade_bored_becter
D:6:      minmay_inner_zag, layout_basic, nicolae_overflow_crystal_walls,
          minmay_temple_entry_hall
D:7:      layout_basic, kennysheep_mini_moat
D:8:      layout_loops_ring

Skill      XL: |  1  2  3  4  5  6  7  8 |
---------------+-------------------------+-----
Polearms       | 5 6 7 8 9 11 | 11.3
Fighting       | 3 4 6 |  6.0
Invocations    | 1 2 3 |  3.0
Dodging        | 5 6 7 |  7.9
Throwing       | |  2.0

Action                   |  1- 3 |  4- 6 |  7- 9 || total
-------------------------+-------+-------+-------++-------
Melee: Trident           |    77 |   153 |   352 ||   582
       Punch             |       |     2 |       ||     2
Invok: Heroism           |       |     2 |       ||     2
  Use: Scroll            |       |       |     6 ||     6
Armor: Ring mail         |    18 |    45 |    82 ||   145
Dodge: Dodged            |    45 |    90 |   203 ||   338

Table legend: (Time is in decaauts)
 A = Elapsed time spent in this place.
 B = Non-inter-level travel time spent in this place.
 C = Inter-level travel time spent in this place.
 D = Time resting spent in this place.
 E = Time spent auto-exploring this place.
 F = Levels seen in this place.
 G = Mean time per level.
                   A        B        C        D        E       F      G
               +--------+--------+--------+--------+--------+-----+--------+
         Total |   6946 |   6789 |    157 |    371 |   5472 |   8 |  868.2 |
       Dungeon |   6946 |   6789 |    157 |    371 |   5472 |   8 |  868.2 |
               +--------+--------+--------+--------+--------+-----+--------+

Top non-repeatable levels by time:
     D:2: 1323 daAuts
     D:5: 1238 daAuts
     D:6: 1166 daAuts
     D:4: 1164 daAuts
     D:3: 851 daAuts
     D:7: 663 daAuts
     D:1: 490 daAuts
     D:8: 48 daAuts
